 Dungeon Crawl Stone Soup version 0.31-a0-986-g5e6e4ef867 (webtiles) character file.

Game seed: 9205377071876652010

1943 Getoffmy the Chopper (level 8, 0/64 HPs)
             Began as a Demonspawn Fighter on Nov 11, 2023.
             Slain by a troll (2 damage)
             ... on level 5 of the Dungeon.
             The game lasted 00:09:52 (4323 turns).

Getoffmy the Chopper (Demonspawn Fighter)           Turns: 4323, Time: 00:09:53

Health: 0/64       AC: 13    Str: 19    XL:     8   Next: 98%
Magic:  8/8        EV: 10    Int:  9    God:
Gold:   245        SH:  5    Dex: 13    Spells: 7/7 levels left

rFire   . . .        a - +0 war axe (heavy)
rCold   . . .        c - +0 buckler
rNeg    . . .        p - +1 chain mail
rPois   +            (helmet restricted)
rElec   .            d - +0 cloak
rCorr   .            v - +0 pair of gloves
SInv    .            (no boots)
Will    .....        (no amulet) Stlth
                     t - ring of poison resistance
HPRegen 0.30/turn    (no ring)
MPRegen 0.11/turn

%: no passive effects
@: no status effects
A: antennae 1, repulsion field 2
a: no special abilities


You were on level 5 of the Dungeon.
You visited 1 branch of the dungeon, and saw 5 of its levels.
You also visited: Sewer.

You collected 245 gold pieces.

Inventory:

Hand Weapons
 a - a +0 heavy war axe (weapon)
Missiles
 h - 16 stones (quivered)
Armour
 c - a +0 buckler (worn)
 d - a +0 cloak (worn)
 p - a +1 chain mail (worn)
 v - a +0 pair of gloves (worn)
Jewellery
 t - a ring of poison resistance (left hand)
 u - a ring of protection from fire
Scrolls
 f - a scroll of amnesia
 g - a scroll of identify
 j - a scroll of fear
 l - a scroll of fog
 o - a scroll of poison
Potions
 b - 4 potions of curing
 e - a potion of enlightenment {unknown}
 i - 2 potions of attraction {unknown}
 k - 5 potions of heal wounds
 m - a potion of ambrosia {unknown}
 n - a potion of might
 q - 2 potions of invisibility {unknown}
 w - 3 potions of haste {unknown}


   Skills:
 + Level 6.0 Fighting
 * Level 7.0 Axes
 + Level 5.4 Armour
 + Level 5.4 Shields


You had 7 spell levels left.
You didn't know any spells.
Your spell library contained the following spells:

 Spells                   Type           Power      Damage    Failure   Level
 Ensorcelled Hibernation  Hex/Ice        0%         N/A       99%         2
 Passwall                 Tmut/Erth      0%         N/A       99%         2
 Hailstorm                Conj/Ice       0%         3d3       100%        3
 Stone Arrow              Conj/Erth      0%         3d7       100%        3
 Swiftness                Air            0%         N/A       100%        3
 Animate Armour           Summ/Erth      0%         N/A       100%        4
 Summon Ice Beast         Ice/Summ       0%         N/A       100%        4
 Simulacrum               Ice/Necr       0%         N/A       100%        6
 Lehudib's Crystal Spear  Conj/Erth      0%         10d2      100%        8


Dungeon Overview and Level Annotations

Branches:
Dungeon (5/15)              Sewer (visited)
 Temple: D:4-7

Altars:
Cheibriados
Gozag
Wu Jian

Shops:
D:4 *


Innate Abilities, Weirdness & Mutations

You have a pair of small antennae on your head.
You are surrounded by a moderate repulsion field. (EV +3)


Message History

You barely miss the troll.
The troll is lightly wounded.
You block the troll's attack. x2; The troll claws you.
You block the troll's attack. The troll barely misses you.
The troll claws you but does no damage.
You slash the troll!
The troll is moderately wounded.
You block the troll's attack. The troll closely misses you.
The troll claws you. The troll bites you. The troll claws you.
The troll claws you but does no damage.
You slash the troll!
The troll is heavily wounded.
The troll closely misses you. The troll claws you!
The troll claws you but does no damage. You block the troll's attack.
The troll closely misses you. The troll claws you.
You hit the troll.
The troll is heavily wounded.
You block the troll's attack. The troll misses you.
The troll barely misses you.
You barely miss the troll.
The troll is heavily wounded.
The troll bites you but does no damage. The troll claws you.
The troll claws you but does no damage. You block the troll's attack.
The troll barely misses you. The troll claws you but does no damage.
You closely miss the troll.
The troll is heavily wounded.
The troll bites you!
* * * LOW HITPOINT WARNING * * *
The troll claws you but does no damage. You block the troll's attack.
The troll barely misses you. The troll claws you but does no damage.
The troll barely misses you.
You hit the troll.
The troll is heavily wounded.
The troll bites you!
* * * LOW HITPOINT WARNING * * *
The troll claws you.
* * * LOW HITPOINT WARNING * * *
The troll misses you. The troll barely misses you.
The troll claws you but does no damage. The troll claws you.
You die...

.....####### ####.#######
.......##### #..#.#.#####
##################
#....#.#########)/)#.....#.....#.
....<..........#.:.#.....#.....#.
#..###.###.##.##K$,#..#..#..#.†#.
#......###.##.##T###..#..#..#..#.
...#######.##.##@.....#.....#....
##########.##.##......#.....#....
##.....###.....##################
##.....#####.....................
##.....####......................
**,,,,,* ##...##################
*,,,,,* #..##......#.....#....
***,*** #.###......#.....#....
***#.* #.# #)###..#..#.[#..#.


You could see a troll and a kobold brigand.

Vanquished Creatures
  Pikel (D:5)
  Grinder (D:5)
  A black bear (D:3)
  Pargi (Sewer)
  An ice beast (D:5)
  An ogre (D:4)
  3 phantoms
  A lemure (D:5)
  A scorpion (D:5)
  A jelly (D:4)
  2 orc priests (D:5)
  3 hounds (D:5)
  An iron imp (D:3)
  A sleepcap (D:5)
  An orc wizard (D:5)
  5 iguanas
  7 gnolls
  9 adders
  8 worms
  4 dart slugs
  An orc (D:3)
  9 endoplasms
  5 giant cockroaches
  6 hobgoblins
  4 jackals (D:1)
  3 quokkas
  10 ball pythons
  6 bats
  4 frilled lizards
  6 goblins
  5 kobolds (D:1)
  4 rats
116 creatures vanquished.

Notes
Turn   | Place    | Note
-------+----------+-------------------------------------------
     0 | D:1      | Getoffmy the Demonspawn Fighter began the quest for the
                  | Orb.
     0 | D:1      | Reached XP level 1. HP: 18/18 MP: 1/1
    63 | D:1      | Reached skill level 2 in Axes
    74 | D:1      | Gained mutation: You are surrounded by a mild repulsion
                  | field. (EV +2) [demonic ancestry]
    74 | D:1      | Reached XP level 2. HP: 17/24 MP: 2/2
   502 | D:1      | Reached XP level 3. HP: 28/29 MP: 3/3
  1130 | D:2      | Reached XP level 4. HP: 35/35 MP: 4/4
  1360 | D:3      | Found a snail-covered altar of Cheibriados.
  1377 | D:3      | Reached skill level 3 in Axes
  2083 | D:4      | Gained mutation: You have a pair of small antennae on your
                  | head. [demonic ancestry]
  2083 | D:4      | Reached XP level 5. HP: 21/42 MP: 5/5
  2300 | D:4      | Found an opulent altar of Gozag.
  2405 | D:4      | Found Jautwoseh's Assorted Antiques.
  2667 | D:4      | Reached XP level 6. HP: 33/48 MP: 6/6
  2812 | D:4      | Reached skill level 4 in Axes
  3359 | D:4      | Gained mutation: You are surrounded by a moderate repulsion
                  | field. (EV +3) [demonic ancestry]
  3359 | D:4      | Reached XP level 7. HP: 44/55 MP: 7/7
  3529 | D:5      | Entered Level 5 of the Dungeon
  3573 | D:5      | Found an ornate altar of the Wu Jian Council.
  3672 | D:5      | Found a glowing drain.
  3690 | Sewer    | Entered a sewer
  3748 | Sewer    | Noticed Pargi
  3758 | Sewer    | Killed Pargi
  3930 | D:5      | Reached skill level 5 in Axes
  4007 | D:5      | Noticed Pikel
  4013 | D:5      | Killed Pikel
  4014 | D:5      | Reached skill level 5 in Fighting
  4014 | D:5      | Reached XP level 8. HP: 62/62 MP: 8/8
  4027 | D:5      | Noticed Grinder
  4035 | D:5      | Killed Grinder
  4036 | D:5      | Reached skill level 6 in Axes
  4036 | D:5      | Reached skill level 5 in Armour
  4036 | D:5      | Reached skill level 5 in Shields
  4250 | D:5      | Reached skill level 7 in Axes
  4313 | D:5      | Noticed a troll
  4323 | D:5      | HP: 2/64 [troll (6)]
  4323 | D:5      | Slain by a troll

Illustrated notes

Levels and vault maps discovered:
D:1:      saegor_arrival_miasma, layout_basic, minmay_octomino_c4
D:2:      layout_rooms
D:3:      layout_basic, slow_altar_1, hangedman_abyss_or_decor_lesser_grid,
          due_unseen_surprise
D:4:      layout_loops_ring, grunt_temple_overflow_gold_and_silver,
          serial_shops, shop, serial_bayou_pond_c, nicolae_wormholes
D:5:      kennysheep_windowed_halls, layout_loops_cross,
          nzn_wu_jian_council_hall, cheibrodos_sewer_entry_bend,
          minmay_misc_feat_iff, corexii_hall_statues_x,
          chequers_serial_rivers_room_b, uniq_grinder, uniq_pikel

Skill      XL: |  1  2  3  4  5  6  7  8 |
---------------+-------------------------+-----
Axes           | 2 3 4 5 7 |  7.0
Armour         | 3 4 5 |  5.4
Shields        | 3 4 5 |  5.4
Fighting       | 4 5 6 |  6.0

Action                     |  1- 3 |  4- 6 |  7- 9 || total
---------------------------+-------+-------+-------++-------
  Melee: War axe           |   129 |   155 |    99 ||   383
  Throw: Stone             |    17 |       |       ||    17
    Use: Potion            |       |     1 |       ||     1
         Scroll            |       |    10 |     3 ||    13
 Armour: Scale mail        |    81 |       |       ||    81
         Chain mail        |    21 |   137 |   101 ||   259
  Dodge: Dodged            |    71 |    75 |    91 ||   237
  Block: Buckler           |    29 |    43 |    42 ||   114

Table legend: (Time is in decaauts)
 A = Elapsed time spent in this place.
 B = Non-inter-level travel time spent in this place.
 C = Inter-level travel time spent in this place.
 D = Time resting spent in this place.
 E = Time spent auto-exploring this place.
 F = Levels seen in this place.
 G = Mean time per level.
                   A        B        C        D        E       F      G
               +--------+--------+--------+--------+--------+-----+--------+
         Total |   4561 |   4286 |    275 |    721 |   2279 |   6 |  760.2 |
       Dungeon |   4348 |   4073 |    275 |    721 |   2160 |   5 |  869.6 |
         Sewer |    212 |    212 |      0 |      0 |    118 |   1 |  212.0 |
               +--------+--------+--------+--------+--------+-----+--------+

Top non-repeatable levels by time:
     D:4: 1152 daAuts
     D:3: 1145 daAuts
     D:1: 774 daAuts
     D:5: 675 daAuts
     D:2: 601 daAuts
   Sewer: 212 daAuts
